 Dungeon Crawl Stone Soup version 0.24.0-37-gcf1ca852f1 (webtiles) character file.

Game seed: 2093055796971022842, levelgen mode: deterministic

14 Peloso the Skirmisher (level 2, 0/27 HPs)
             Began as a Minotaur Fighter on Nov 22, 2019.
             Succumbed to an adder's poison
             ... on level 3 of the Dungeon.
             The game lasted 00:00:57 (373 turns).

Peloso the Skirmisher (Minotaur Fighter)             Turns: 373, Time: 00:00:57

Health: 0/27       AC:  7    Str: 20    XL:     2   Next: 27%
Magic:  1/1        EV:  7    Int:  5    God:
Gold:   61         SH:  9    Dex:  9    Spells: 1/1 levels left

rFire    . . .     SeeInvis .   a - +0 long sword
rCold    . . .     Gourm    .   c - +0 shield
rNeg     . . .     Faith    .   b - +0 scale mail
rPois    .         Spirit   .   (helmet unavailable)
rElec    .         Reflect  .   (no cloak)
rCorr    .         Harm     .   (no gloves)
MR       +....                  (no boots)
Stlth    ..........             (no amulet)
HPRegen  0.09/turn              (no ring)
MPRegen  0.07/turn              (no ring)

@: lethally poisoned (0 -> -12)
A: retaliatory headbutt, horns 3, magic resistance 1
a: no special abilities


You were on level 3 of the Dungeon.
You were not hungry.

You visited 1 branch of the dungeon, and saw 3 of its levels.

You collected 61 gold pieces.

Inventory:

Hand Weapons
 a - a +0 long sword (weapon)
Armour
 b - a +0 scale mail (worn)
 c - a +0 shield (worn)
Scrolls
 e - 2 scrolls of fear {unknown}
 g - a scroll of identify {unknown}
Potions
 d - a potion of might
 h - a potion of curing {unknown}
 i - a potion of degeneration {unknown}
 j - 2 potions of heal wounds {unknown}
Comestibles
 f - 2 rations


   Skills:
 + Level 4.0 Fighting
 + Level 2.5 Long Blades
 + Level 3.9 Armour
 + Level 3.9 Shields


You had one spell level left.
You didn't know any spells.
Your spell library was empty.

Dungeon Overview and Level Annotations

Branches:
Dungeon (3/15)

Altars:


Innate Abilities, Weirdness & Mutations

You reflexively headbutt those who attack you in melee.
You have a pair of large horns on your head.
You are resistant to hostile enchantments. (MR+)


Message History

You feel sick. You block the adder's attack.
You feel sick. The adder bites you but does no damage.
You block the adder's attack.
You feel sick. The adder bites you but does no damage.
* * * LOW HITPOINT WARNING * * *
You feel sick. The adder completely misses you. You furiously retaliate!
You headbutt the adder.
* * * LOW HITPOINT WARNING * * *
You feel sick. The adder bites you.
* * * LOW HITPOINT WARNING * * *
You are more poisoned.
The adder poisons you! You block the adder's attack.
* * * LOW HITPOINT WARNING * * *
You feel sick. The adder bites you but does no damage.
* * * LOW HITPOINT WARNING * * *
You feel sick. The adder bites you but does no damage.
* * * LOW HITPOINT WARNING * * *
You feel sick. You block the adder's attack.
The adder bites you but does no damage.
You die...

.( ...... #.. #.
#.##.##. #....
#.##....?. .... #
#.......## ...(. #
#.......#######.### ##.
#.....(.##........#
##...#.S.....##.##.#...#
#.....)@................
#..........(.##.##.##..#
#.......=(.(.##.##.##..#
#....#.......##........#
#.################.#####
# #.# #.# #.# . #.#


You could see an adder.

Vanquished Creatures
  A dart slug (D:1)
  A leopard gecko (D:1)
  A giant cockroach (D:1)
  A goblin (D:1)
  A hobgoblin (D:3)
  2 kobolds
  A frilled lizard (D:1)
  3 rats
11 creatures vanquished.

Notes
Turn   | Place    | Note
-------+----------+-------------------------------------------
     0 | D:1      | Peloso the Minotaur Fighter began the quest for the Orb.
     0 | D:1      | Reached XP level 1. HP: 19/19 MP: 0/0
   104 | D:1      | Reached XP level 2. HP: 26/27 MP: 1/1
   268 | D:1      | Gained mutation: You have a pair of large horns on your
                  | head. [potion of mutation]
   268 | D:1      | Gained mutation: You are resistant to hostile enchantments.
                  | (MR+) [potion of mutation]
   362 | D:3      | Reached skill level 4 in Fighting
   372 | D:3      | HP: 1/27 [poisoned by an adder]
   373 | D:3      | Succumbed to an adder's poison

Levels and vault maps discovered:
D:1:      lemuel_arrival_room, layout_basic
D:2:      layout_rooms, first_ration, trog_book, uniq_crazy_yiuf_cottage
D:3:      layout_loops_cross, kennysheep_slug_shrine, portal_sewer_entry_f,
          gammafunk_ghost_smash, grunt_ministairs_9, uniq_terence

Skill      XL: |  1  2 |
---------------+-------+-----
Fighting       | 4 |  4.0
Long Blades    | |  2.5
Armour         | |  3.9
Shields        | |  3.9

Action                   || total
-------------------------++-------
Melee: Long sword        ||    18
       Headbutt          ||     4
  Use: Potion            ||     1
Armor: Scale mail        ||    10
Dodge: Dodged            ||    16
Block: Shield            ||    18
       Rpst.: Long sword ||     1
